 Dungeon Crawl Stone Soup version 0.21-a0-157-gb89e0e2 (webtiles) character file.

58 Goblin1989 the Ruffian (level 3, -5/28 HPs)
             Began as a Centaur Transmuter on Aug 4, 2017.
             Was an Initiate of Okawaru.
             Slain by Crazy Yiuf
             ... wielding a +2 quarterstaff of chaos
              (8 damage)
             ... on level 2 of the Dungeon.
             The game lasted 00:05:33 (2404 turns).

Goblin1989 the Ruffian (Centaur Transmuter)         Turns: 2404, Time: 00:05:35

Health: -5/28      AC:  6    Str: 13    XL:     3   Next: 75%
Magic:  14/14      EV:  8    Int: 12    God:    Okawaru [......]
Gold:   99         SH:  0    Dex:  9    Spells: 4/5 levels left

rFire    . . .     SeeInvis .     - Unarmed
rCold    . . .     Gourm    .   (no shield)
rNeg     . . .     Faith    .   r - +0 ring mail
rPois    .         Spirit   .   (no helmet)
rElec    .         Reflect  .   (no cloak)
rCorr    .         Harm     .   u - +0 pair of gloves (curse)
MR       .....                  (no barding)
Stlth    ..........             (no amulet)
HPRegen  0.09/turn              i - ring of magical power
MPRegen  0.14/turn              (no ring)

@: lethally poisoned (-5 -> -17), flying, very slightly contaminated, invisible,
very quick
A: hooves 3, deformed body, speed 2, tough skin 3
a: Renounce Religion


You were on level 2 of the Dungeon.
You worshipped Okawaru.
Okawaru was noncommittal.
You were hungry.

You visited 1 branch of the dungeon, and saw 2 of its levels.

You collected 99 gold pieces.

Inventory:

Missiles
 a - 47 arrows
Armour
 r - a +0 ring mail (worn)
 u - a cursed +0 pair of gloves (worn)
Jewellery
 i - a ring of magical power (left hand)
Scrolls
 f - a scroll of noise {unknown}
 k - a scroll of random uselessness {unknown}
 l - a scroll of amnesia {unknown}
 m - a scroll of remove curse {unknown}
 o - a scroll of enchant armour {unknown}
 p - a scroll of identify {unknown}
 v - a scroll of enchant weapon {unknown}
Potions
 n - 2 potions of lignification {unknown}
 q - 2 potions of haste {unknown}
 s - a potion of mutation {unknown}
Books
 c - a book of Changes

   Spells                             Type                      Level
   a - Beastly Appendage              Transmutation                1
   b - Sticks to Snakes               Transmutation                2
   c - Spider Form                    Transmutation/Poison         3
   d - Ice Form                       Ice/Transmutation            4
   e - Blade Hands                    Transmutation                5
Comestibles
 e - 3 bread rations {@e1}
 j - a meat ration {@e2}


   Skills:
 + Level 1.5 Fighting
 + Level 0.3 Armour
 + Level 1.5 Dodging
 * Level 4.3 Unarmed Combat
 - Level 1.5 Spellcasting
 - Level 1.7 Transmutations


You had 4 spell levels left.
You knew the following spells:

 Your Spells              Type           Power        Failure   Level  Hunger
a - Beastly Appendage     Tmut           #.....       28%         1    ##.....


Dungeon Overview and Level Annotations

Branches:
Dungeon (2/15)

Altars:
Okawaru
Trog
Uskayaw
Wu Jian
The Shining One

Annotations:
D:2 Crazy Yiuf


Innate Abilities, Weirdness & Mutations

You have hooves in place of feet.
Armour fits poorly on your strangely shaped body.
You cover ground very quickly.
You have extremely tough skin. (AC +3)


Message History

No target in view!
No target in view!
No target in view!
No target in view!
No target in view!
Eating one of 4 chunks of flesh.
You eat one of the 4 chunks of flesh.
This raw flesh tastes terrible.
You feel sick.
You feel sick.
You feel sick.
You feel sick.
You feel sick.
You are no longer poisoned.
Some of the chunks of flesh in your inventory have rotted away.
Key pressed, stopping explore.
Some of the chunks of flesh in your inventory have rotted away.
You butcher the adder corpse.
w - 2 chunks of flesh (gained 1)
You see here an adder skeleton. x2
Health restored: 28 Some of the chunks of flesh in your inventory have rotted away.
All of the chunks of flesh in your inventory have rotted away.
Key pressed, stopping explore.
Fire/throw which item? (* to show all) (? for menu, Esc to quit)
Okay, then.
(D) Dungeon
Where to? (Enter - D:2, ? - help)
You see here a short sword.
You see here a stone.
A ball python comes into view.
The ball python hisses angrily.
You hit the ball python.
You kill the ball python!
Okawaru accepts your kill.
No target in view!
No target in view!
No target in view!
No target in view!
No target in view!
No target in view!
No target in view!
No target in view!
No target in view!
No target in view!
No target in view!
No target in view!
No target in view!
No target in view!
No target in view!
No target in view!
No target in view!
No target in view!
No target in view!
No target in view!
No target in view!
No target in view!
You are feeling hungry.
Fire/throw which item? (* to show all) (? for menu, Esc to quit)
Okay, then.
(D) Dungeon
Where to? (Enter - D:2 @ (x,y), ? - help) It was a potion of flight.
You feel very buoyant.
You fly up into the air.
It was a potion of curing.
You feel better.
It was a potion of invisibility.
You fade into invisibility!
You are very lightly contaminated with residual magic.
You reach down and open the door.
Marking area around Crazy Yiuf as unsafe for travelling.
Crazy Yiuf the Enlightened comes into view.
He is wielding a quarterstaff of chaos.
Crazy Yiuf shouts!
Crazy Yiuf shouts!
There is an open door here.
You hit Crazy Yiuf. You kick Crazy Yiuf.
Crazy Yiuf is lightly wounded.
Crazy Yiuf closely misses you.
You hit Crazy Yiuf but do no damage. Your kick misses Crazy Yiuf.
Crazy Yiuf is lightly wounded.
Crazy Yiuf hits you with a quarterstaff of chaos!
Crazy Yiuf burns you.
You take 15 damage, and have 13/28 hp.
MASSIVE DAMAGE!!
You barely miss Crazy Yiuf. Your punch misses Crazy Yiuf.
Crazy Yiuf is lightly wounded.
Crazy Yiuf hits you with a quarterstaff of chaos!
* * * LOW HITPOINT WARNING * * *
You are lethally poisoned!
You take 8 damage, and have 5/28 hp.
MASSIVE DAMAGE!!
You hit Crazy Yiuf. Your kick misses Crazy Yiuf.
Crazy Yiuf is moderately wounded.
* * * LOW HITPOINT WARNING * * *
You feel sick.
You take 1 damage, and have 4/28 hp.
You completely miss Crazy Yiuf.
Crazy Yiuf is moderately wounded.
* * * LOW HITPOINT WARNING * * *
You feel sick.
Crazy Yiuf says, "Crazy?
Crazy!?
PORCUPINE!"
Crazy Yiuf hits you but does no damage.
You are electrocuted!
You die... █.█ █.█ █.█ █.█ ███ █.█ █ ███ █.█ ██████████.█ █████ █.█ ..██.....█.█ █)..█ █.█ .♣██████.█.█ █...█ ███.█ ..█ █.█.█ █.g.█ █...█ .♣█ █...█ █@█ █████

████████...█
♣.♣♣
██.........█
♣♣.♣
██.█████..██
♣.♣♣ █.█
█..█ ♣♣.♣
██.█ █..█
♣♣.♣♣
...█████..█
♣♣PP.♣
...)......██
♣....♣
...........█
█....█


You could see Crazy Yiuf.

Vanquished Creatures
  An adder (D:2)
  An ooze (D:2)
  A worm (D:2)
  A dart slug (D:1)
  A giant cockroach (D:1)
  7 goblins
  8 hobgoblins
  4 kobolds
  A ball python (D:2)
  7 bats
  A frilled lizard (D:2)
  4 rats
37 creatures vanquished.

Notes
Turn   | Place    | Note
-------+----------+-------------------------------------------
     0 | D:1      | Goblin1989 the Centaur Transmuter began the quest for the Orb.
     0 | D:1      | Reached XP level 1. HP: 16/16 MP: 3/3
   343 | D:1      | Reached XP level 2. HP: 11/23 MP: 2/4
   839 | D:1      | Reached skill level 4 in Unarmed Combat
   944 | D:1      | Reached XP level 3. HP: 23/28 MP: 5/5
  1088 | D:2      | Found a hide-covered altar of Uskayaw.
  1088 | D:2      | Found a bloodstained altar of Trog.
  1571 | D:2      | Found a glowing golden altar of the Shining One.
  1623 | D:2      | Found a runed door.
  1692 | D:2      | Found an ornate altar of the Wu Jian Council.
  1696 | D:2      | Found an iron altar of Okawaru.
  1711 | D:2      | Became a worshipper of Warmaster Okawaru
  2398 | D:2      | Noticed Crazy Yiuf
  2404 | D:2      | Slain by Crazy Yiuf

Vault maps used:
D:1:      matt_arrival_grand_opening, minmay_pentomino_s2
D:2:      tso_altar, grunt_temple_overflow_open, kennysheep_generic_room_11,
          uniq_crazy_yiuf_cottage

Skill      XL: |  1  2 |
---------------+-------+-----
Unarmed Combat | 4 |  4.3
Fighting       | |  1.5
Armour         | |  0.3
Dodging        | |  1.5
Spellcasting   | |  1.5
Transmutations | |  1.7

Action                   || total
-------------------------++-------
Melee: Unarmed           ||   119
       Kick              ||    18
       Punch             ||     2
       Headbutt          ||     1
 Cast: Beastly Appendage ||     1
  Use: Potion            ||     3
  Eat: Chunk             ||     3
Armor: Robe              ||    39
       Ring mail         ||    23
Dodge: Dodged            ||    44

Vault maps used:
D:1:      matt_arrival_grand_opening, minmay_pentomino_s2
D:2:      tso_altar, grunt_temple_overflow_open, kennysheep_generic_room_11,
          uniq_crazy_yiuf_cottage
